 Dungeon Crawl Stone Soup version 0.16-a0-465-g631e55c (console) character file.

191 Kellhus the Ruinous (level 5, 26/35 HPs)
             Began as a Demonspawn Wizard on Sept 16, 2014.
             Quit the game on Level 3 of the Dungeon.
             The game lasted 00:04:12 (2654 turns).

Kellhus the Ruinous (Demonspawn Wizard)             Turns: 2654, Time: 00:04:13

HP  26/35        AC  3     Str  7      XL: 5   Next: 42%
MP   6/11        EV 12     Int 21      God:
Gold 100         SH  0     Dex 11      Spells:  3 memorised,  3 levels left

rFire  . . .     SeeInvis .     o - +0 dagger (flame)
rCold  . . .     Clarity  .     a - +0 robe
rNeg   . . .     rCorr    .     (no shield)
rPois  .         rRot     +     g - +0 helmet
rElec  .         Spirit   .     (no cloak)
SustAb .         Warding  .     (no gloves)
rMut   +         Stasis   .     (no boots)
Gourm  .                        i - amulet of resist mutation
MR     .....                    (no ring)
                                (no ring)

@: not resistant to hostile enchantments, unstealthy
A: demonic guardian 1, foul stench 2, rot immunity
a: no special abilities


You were on level 3 of the Dungeon.
You were not hungry.

You visited 1 branch of the dungeon, and saw 3 of its levels.

You collected 100 gold pieces.

Inventory:

Hand weapons
 o - a +0 dagger of flaming (weapon)
Armour
 a - a +0 robe (worn)
 b - a +0 hat
 g - a +0 helmet (worn)
Comestibles
 d - 3 bread rations
 j - a meat ration
 u - a beef jerky
 x - a slice of pizza
Scrolls
 e - a scroll of remove curse {unknown}
 h - a scroll of fog {unknown}
 l - a scroll of enchant weapon {unknown}
 p - 2 scrolls of identify {unknown}
 q - a scroll of teleportation {unknown}
 s - 3 scrolls of random uselessness {unknown}
 v - a scroll of blinking {unknown}
 w - a scroll of magic mapping {unknown}
Jewellery
 i - an amulet of resist mutation (around neck)
Potions
 f - a potion of haste {unknown}
 k - 2 potions of restore abilities {unknown}
 m - a potion of might {unknown}
 n - 3 potions of curing {unknown}
 r - a potion of heal wounds {unknown}
 t - a potion of lignification {unknown}
Books
 c - a book of Minor Magic

   Spells                             Type                      Level
   *Magic Dart                        Conjuration                  1
   Blink                              Translocation                2
   Call Imp                           Summoning                    2
   Repel Missiles                     Charms/Air                   2
   Slow                               Hexes                        2
   *Conjure Flame                     Conjuration/Fire             3
   *Mephitic Cloud                    Conjuration/Poison/Air       3


   Skills:
 - Level 1.7 Dodging
 - Level 1.7 Stealth
 - Level 3.0 Spellcasting
 + Level 5.4 Conjurations
   Level 1.0 Summonings
   Level 0.8 Translocations


You had 3 spell levels left.
You knew the following spells:

 Your Spells              Type           Power        Failure   Level  Hunger
a - Magic Dart            Conj           ####         1%          1    None
b - Conjure Flame         Conj/Fire      ##......     17%         3    ###....
c - Mephitic Cloud        Conj/Pois/Air  ##......     21%         3    ###....


Dungeon Overview and Level Annotations

Branches:
Dungeon (3/15)

Altars:
Elyvilon
Fedhas
Trog
Yredelemnul
The Shining One


Innate Abilities, Weirdness & Mutations

A weak demonic guardian rushes to your aid.
You radiate miasma.
You are immune to rotting.


Message History

Confirm with . or Enter, or press ? or * to list all spells.
Aiming: Magic Dart
Press: ? - help, Shift-Dir - straight line, f/p - Sigmund
Aim: Sigmund, wielding a glowing scythe and wearing a robe (almost dead, poisoned, bewildered and confused)
The magic dart hits Sigmund.
Sigmund is almost dead.
Casting: Magic Dart
Confirm with . or Enter, or press ? or * to list all spells.
Aiming: Magic Dart
Press: ? - help, Shift-Dir - straight line, f/p - Sigmund
Aim: Sigmund, wielding a glowing scythe and wearing a robe (foul pestilence, almost dead, poisoned, bewildered and confused)
The magic dart hits Sigmund.
Sigmund is almost dead.
Sigmund is engulfed in dark miasma.
Sigmund looks even sicker.
Sigmund seems to slow down.
You kill Sigmund!
Your Conjurations skill increases to level 5!
You have reached level 5!
Your demonic ancestry asserts itself...
You feel the presence of a demonic guardian.
Are you sure you want to abandon this character and quit the game? (Confirm with "yes".)

##.%#### #..........## ........
##.######........... .....# .
#.##.............. #.#..##.
#................ ##.......
#....#........#.## ##........
##...#.##.#####..## #..##....>
#.#.......# ##ยง..####.###..##.
##.##......# #..#..##..###.....
#..........###@###.##.#........
#..........<.......%...........
##.......###....###..#.#........
#............##.####...##..####.
#.........#####..####.....####..
#.........# ##.........###....
#.........# ####'####........###
#.........# #.......#........##.
#.........# #.......#...###.....


There were no monsters in sight!

Vanquished Creatures
  Sigmund (D:3)
  5 adders
  A giant mite (D:3)
  3 worms
  A giant gecko (D:1)
  7 bats
  5 goblins
  4 hobgoblins
  3 jackals (D:2)
  8 kobolds
  A quokka (D:3)
  4 giant cockroaches
  3 giant newts
  6 rats
52 creatures vanquished.

Notes
Turn   | Place    | Note
--------------------------------------------------------------
     0 | D:1      | Kellhus, the Demonspawn Wizard, began the quest for the Orb.
     0 | D:1      | Reached XP level 1. HP: 13/13 MP: 4/4
   534 | D:1      | Gained mutation: You are immune to rotting. [demonic ancestry]
   534 | D:1      | Reached XP level 2. HP: 10/19 MP: 1/6
  1221 | D:2      | Gained mutation: You emit a foul stench. [demonic ancestry]
  1221 | D:2      | Reached XP level 3. HP: 24/24 MP: 1/7
  1707 | D:2      | Found a bloodstained altar of Trog.
  1723 | D:2      | Found a blossoming altar of Fedhas.
  1851 | D:2      | Gained mutation: You radiate miasma. [demonic ancestry]
  1851 | D:2      | Reached XP level 4. HP: 26/30 MP: 6/9
  2020 | D:2      | Reached skill level 4 in Conjurations
  2409 | D:3      | Found a glowing golden altar of the Shining One.
  2425 | D:3      | Found a white marble altar of Elyvilon.
  2426 | D:3      | Found a basalt altar of Yredelemnul.
  2544 | D:3      | Noticed Sigmund
  2631 | D:2      | Learned a level 3 spell: Conjure Flame
  2635 | D:2      | Learned a level 3 spell: Mephitic Cloud
  2653 | D:3      | Killed Sigmund
  2653 | D:3      | Reached skill level 5 in Conjurations
  2653 | D:3      | Gained mutation: A weak demonic guardian rushes to your aid. [demonic ancestry]
  2653 | D:3      | Reached XP level 5. HP: 26/35 MP: 6/11
  2654 | D:3      | Quit the game

Action                   |  1- 3 |  4- 6 || total
-------------------------+-------+-------++-------
Melee: Unarmed           |    11 |       ||    11
       Dagger            |    15 |    13 ||    28
 Cast: Magic Dart        |    75 |    51 ||   126
       Mephitic Cloud    |       |     1 ||     1
 Stab: Confused          |       |     2 ||     2
  Eat: Chunk             |     2 |     3 ||     5
